 Dungeon Sprint DCSS version 0.26-a0-652-gafc20e3620 (webtiles) character file.

Game seed: 7929195140034388352

448 ANON1729 the Spear-Bearer (level 7, -10/62 HPs)
             Began as a Merfolk Gladiator on Oct 3, 2020.
             Was an Initiate of Cheibriados.
             Mangled by Sonja
             ... wielding a +2 dagger of distortion
              (16 damage)
             ... in the Dungeon (Sprint I: "Red Sonja").
             The game lasted 00:02:47 (599 turns).

ANON1729 the Spear-Bearer (Merfolk Gladiator)        Turns: 599, Time: 00:02:47

Health: -10/62     AC:  4    Str: 18    XL:     7   Next: 3%
Magic:  7/7        EV: 19    Int:  8    God:    Cheibriados [......]
Gold:   297        SH:  0    Dex: 16    Spells: 6/6 levels left

rFire    . . .     SeeInvis .   a - +0 trident
rCold    + . .     Faith    .   (no shield)
rNeg     . . .     Spirit   .   b - +0 leather armour
rPois    .         Reflect  .   c - +0 helmet
rElec    .         Harm     .   (no cloak)
rCorr    .         Rampage  .   (no gloves)
MR       .....     NoTele   +   (no boots)
Stlth    +.........             (no amulet)
HPRegen  0.20/turn              k - ring of protection from cold
MPRegen  0.10/turn              (no ring)

@: slowed, very slow
A: change form in water, swift swim, stealthy swim
a: Bend Time, Renounce Religion


You were in the Dungeon.
You worshipped Cheibriados.
Cheibriados was noncommittal.
You visited 1 branch You collected 297 gold pieces.

Inventory:

Hand Weapons
 a - a +0 trident (weapon)
Missiles
 d - a curare-tipped dart (quivered)
Armour
 b - a +0 leather armour (worn)
 c - a +0 helmet (worn)
Jewellery
 k - a ring of protection from cold (left hand)
Scrolls
 j - a scroll of blinking
Potions
 f - a potion of heal wounds
 g - a potion of haste
 h - 3 potions of magic
 i - a potion of berserk rage


   Skills:
 + Level 8.2 Fighting
 + Level 11.1 Polearms
 + Level 7.5 Throwing
 + Level 10.2 Dodging


You had 6 spell levels left.
You didn't know any spells.
Your spell library was empty.

Dungeon Overview and Level Annotations

Branches:
Dungeon (1/1)

Altars:
Cheibriados
Dithmenos
Elyvilon
Fedhas
Gozag
Hepliaklqana
Kikubaaqudgha
Nemelex Xobeh
Okawaru
Qazlal
Ru
Sif Muna
Trog
Uskayaw
Vehumet
Wu Jian
Yredelemnul
Zin
The Shining One

Shops:
D *

Annotations:
D Sonja


Message History

* * * LOW HITPOINT WARNING * * *
Sonja says, "If only old Madame Brzewit could see me now!"
Sonja casts a spell.
Sonja blinks!
You puncture Sonja!
Sonja is severely wounded.
Sonja is no longer moving slowly.
Sonja barely misses you. Sonja misses you. Sonja closely misses you.
Throwing (i - inventory)
d - 2 curare-tipped darts (quivered)
Press: ? - help, Shift-Dir - straight line, f/p - Sonja
Aim: Sonja, wielding a +2 dagger of distortion (heavily wounded, poisoned)
You throw a curare-tipped dart. The curare-tipped dart hits Sonja.
Sonja looks even sicker.
Sonja convulses.
Sonja seems to slow down.
Sonja is almost dead.
Sonja hits you with a +2 dagger of distortion.
* * * LOW HITPOINT WARNING * * *
Space bends around you.
* * * LOW HITPOINT WARNING * * *
Sonja hits you but does no damage. Space warps horribly around you!
You die...

################
#<.#..)..#..'..#
#..').#..'K@#..+
#..#####'#####'#
#..####..#...#(# ##§
#..#__####..##(#≈§§§
#..#_____##'#_.+≈§≈§
#⌠⌠#_.∩...'.(._#≈§§.c#
####_..__##_.#'# +####
#_____###'#.# #######
#.###


You could see Sonja (very poisoned, slow).

Vanquished Creatures
  Sigmund (D)
  A yak (D)
  An ogre (D)
  A jelly (D)
  Ijyb (D)
5 creatures vanquished.

Vanquished Creatures (others)
  A gargoyle (D)
1 creature vanquished.

Grand Total: 6 creatures vanquished

Notes
Turn   | Place    | Note
-------+----------+-------------------------------------------
     0 | D        | ANON1729 the Merfolk Gladiator began the quest for the Orb.
     0 | D        | Reached XP level 1. HP: 16/16 MP: 1/1
     1 | D        | Noticed Ijyb
    41 | D        | Killed Ijyb
    41 | D        | Reached skill level 6 in Polearms
    41 | D        | Reached skill level 5 in Dodging
    41 | D        | Reached XP level 2. HP: 12/25 MP: 2/2
    41 | D        | Reached XP level 3. HP: 15/30 MP: 3/3
   190 | D        | Noticed an ogre
   199 | D        | Killed an ogre
   199 | D        | Reached skill level 5 in Fighting
   199 | D        | Reached skill level 7 in Polearms
   199 | D        | Reached skill level 5 in Throwing
   199 | D        | Reached XP level 4. HP: 39/39 MP: 4/4
   212 | D        | Noticed Sigmund
   219 | D        | Killed Sigmund
   219 | D        | Reached skill level 9 in Polearms
   219 | D        | Reached XP level 5. HP: 27/48 MP: 5/5
   219 | D        | Reached XP level 6. HP: 32/55 MP: 6/6
   360 | D        | Found an ornate altar of the Wu Jian Council.
   360 | D        | Found a shimmering blue altar of Sif Muna.
   362 | D        | Found a radiant altar of Vehumet.
   365 | D        | Reached skill level 10 in Polearms
   396 | D        | Noticed a centaur warrior
   401 | D        | Found Isulexo's General Store.
   401 | D        | Found an ancient bone altar of Kikubaaqudgha.
   401 | D        | Found a hazy altar of Hepliaklqana.
   401 | D        | Found a stormy altar of Qazlal.
   401 | D        | Found a hide-covered altar of Uskayaw.
   401 | D        | Found a blossoming altar of Fedhas.
   401 | D        | Found a bloodstained altar of Trog.
   401 | D        | Found an iron altar of Okawaru.
   401 | D        | Found a basalt altar of Yredelemnul.
   401 | D        | Found a glowing golden altar of the Shining One.
   401 | D        | Found a snail-covered altar of Cheibriados.
   401 | D        | Found a sacrificial altar of Ru.
   401 | D        | Found a glowing silver altar of Zin.
   401 | D        | Found a shadowy altar of Dithmenos.
   401 | D        | Found a white marble altar of Elyvilon.
   401 | D        | Noticed a yak
   411 | D        | Killed a yak
   411 | D        | Reached skill level 11 in Polearms
   411 | D        | Reached skill level 10 in Dodging
   411 | D        | Reached XP level 7. HP: 33/62 MP: 7/7
   412 | D        | Found an opulent altar of Gozag.
   413 | D        | Found a sparkling altar of Nemelex Xobeh.
   481 | D        | Killed a gargoyle
   559 | D        | Became a worshipper of Cheibriados the Contemplative
   575 | D        | Noticed Sonja
   599 | D        | Mangled by Sonja

Illustrated notes

Levels and vault maps discovered:
D:        dungeon_sprint_1 [red_sonja_temple_1, red_sonja_temple_small_1]

Skill      XL: |  1  2  3  4  5  6 |
---------------+-------------------+-----
Fighting       | 3 5 7 8 |  8.2
Polearms       | 6 7 9 11 | 11.1
Throwing       | 3 5 6 7 |  7.5
Dodging        | 5 7 9 10 | 10.2

Action                   |  1- 3 |  4- 6 |  7- 9 || total
-------------------------+-------+-------+-------++-------
Melee: Trident           |    48 |    19 |     3 ||    70
Throw: Dart              |       |       |     5 ||     5
       Throwing net      |       |       |     3 ||     3
  Use: Potion            |       |       |     1 ||     1
Armor: Leather armour    |     6 |       |     6 ||    12
Dodge: Dodged            |    29 |     7 |    24 ||    60

Table legend: (Time is in decaauts)
 A = Elapsed time spent in this place.
 B = Non-inter-level travel time spent in this place.
 C = Inter-level travel time spent in this place.
 D = Time resting spent in this place.
 E = Time spent auto-exploring this place.
 F = Levels seen in this place.
 G = Mean time per level.
                   A        B        C        D        E       F      G
               +--------+--------+--------+--------+--------+-----+--------+
         Total |    610 |    610 |      0 |    401 |      1 |   1 |  610.0 |
       Dungeon |    610 |    610 |      0 |    401 |      1 |   1 |  610.0 |
               +--------+--------+--------+--------+--------+-----+--------+

Top non-repeatable levels by time:
       D: 610 daAuts
